AoeStats
← CarbonBow

QS Arena

503154673Analyzed
1v1 RM · 3mo ago on Aug 30, 2026· 44m 18s· 2 players
Game mode
Random Map
Map size
Tiny (2 player)
Population
200
Speed
Normal
Resources
Standard
Victory
Conquest
Starting age
Dark Age
Ending age
Imperial Age
RankedLock teamsTeams togetherTeam positionsShared explorationLock speedFull tech treeHidden civsTurbo modeCheats
Victory
Defeat
🇹🇷 Britons · Türkiye
747
+16
vs
🇫🇷 Franks · France
755
-16
CarbonBow
8:12 Feudal Age
10:14 Wheelbarrow
9:27 Double-Bit Axe
10:06 Horse Collar
12:50 Castle Age
12:27 Stone Mining
13:41 Heavy Plow
15:03 Bow Saw
15:47 Town Watch
16:15 Gold Mining
19:58 Gold Shaft Mining
22:02 Padded Archer Armor
25:13 Hand Cart
24:45 Loom
25:53 Leather Archer Armor
25:29 Fletching
30:01 Imperial Age
27:49 Town Patrol
28:00 Bodkin Arrow
29:19 Forging
29:09 Scale Mail Armor
28:57 Gambesons
29:12 Squires
28:58 Arson
28:34 Pikeman
30:54 Iron Casting
31:03 Ballistics
31:19 Ring Archer Armor
31:16 Halberdier
33:10 Chemistry
32:22 Elite Longbowman
33:23 Bracer
34:42 Blast Furnace
33:57 Chain Mail Armor
37:42 Herbal Medicine
38:51 Husbandry
Concombre
7:16 Feudal Age
8:41 Double-Bit Axe
12:11 Loom
15:28 Castle Age
17:19 Bow Saw
18:59 Wheelbarrow
18:31 Gold Mining
18:38 Town Watch
20:59 Stone Mining
21:51 Pikeman
24:18 Hand Cart
24:57 Gold Shaft Mining
25:57 Town Patrol
30:09 Imperial Age
28:20 Squires
29:00 Husbandry
30:10 Cavalier
30:23 Elite Skirmisher
34:11 Conscription
33:33 Halberdier
35:34 Forging
35:25 Scale Mail Armor
35:16 Fletching
36:52 Ballistics
36:04 Onager
37:15 Padded Archer Armor
40:53 Bodkin Arrow
41:13 Leather Archer Armor
Connection lost

Rejoining the realm…

Still unreachable

The connection could not be restored.

Session expired

The server has moved on; the page needs a fresh start.